 Dungeon Sprint DCSS version 0.23.0 (webtiles) character file.

Game seed: 4409627785219816754

2294 Kairos the Protected (level 9, -2/79 HPs)
             Began as a Vine Stalker Fighter on Feb 12, 2019.
             Was a Priest of Okawaru.
             Slain by a demonic crawler (4 damage)
             ... in the Dungeon (Sprint I: "Red Sonja").
             The game lasted 00:06:32 (952 turns).

Kairos the Protected (Vine Stalker Fighter)          Turns: 952, Time: 00:06:33

Health: -2/79      AC:  8    Str: 27    XL:     9   Next: 40%
Magic:  0/14       EV: 10    Int:  8    God:    Okawaru [***...]
Gold:   513        SH: 12    Dex: 14    Spells: 8/8 levels left

rFire    . . .     SeeInvis .   a - +0 war axe
rCold    . . .     Gourm    .   c - +0 shield
rNeg     . . .     Faith    .   b - +0 scale mail
rPois    .         Spirit   +   (no helmet)
rElec    .         Reflect  .   (no cloak)
rCorr    .         Harm     .   (no gloves)
MR       +....     NoTele   +   (no boots)
Stlth    ..........             (no amulet)
HPRegen  0.63/turn              (no ring)
MPRegen  0.14/turn              (no ring)

@: mighty, berserking, very quick
A: fangs 3, regeneration 1, magic shield, antimagic bite, no potion heal 3, rot
immunity
a: Heroism, Renounce Religion


You were in the Dungeon.
You worshipped Okawaru.
Okawaru was most pleased with you.
You were not hungry.

You visited 1 branch You collected 513 gold pieces.

Inventory:

Hand Weapons
 a - a +0 war axe (weapon)
Armour
 b - a +0 scale mail (worn)
 c - a +0 shield (worn)
Wands
 l - a wand of flame (4)
Scrolls
 k - a scroll of blinking
 m - a scroll of holy word {unknown}
Potions
 g - a potion of heal wounds
 h - a potion of haste
 i - 2 potions of magic
Comestibles
 f - 2 rations


   Skills:
 + Level 9.4 Fighting
 + Level 8.8 Axes
 + Level 9.8 Armour
 + Level 1.6 Dodging
 + Level 1.5 Stealth
 + Level 9.0 Shields
 + Level 1.2 Invocations
 + Level 5.7 Evocations


You had 8 spell levels left.
You didn't know any spells.
Your spell library contained the following spells:

 Spells                   Type           Power        Failure   Level  Hunger
 Sting                    Conj/Pois      #...         88%         1    ##.....
 Poisonous Vapours        Pois/Air       #.....       95%         2    ###....
 Mephitic Cloud           Conj/Pois/Air  #.......     99%         3    ####...
 Olgreb's Toxic Radiance  Pois           #.......     100%        4    #####..
 Venom Bolt               Conj/Pois      #.........   100%        5    ######.


Dungeon Overview and Level Annotations

Branches:
Dungeon (1/1)

Altars:
Cheibriados
Dithmenos
Elyvilon
Fedhas
Gozag
Hepliaklqana
Kikubaaqudgha
Makhleb
Nemelex Xobeh
Okawaru
Qazlal
Ru
Sif Muna
Trog
Uskayaw
Vehumet
Wu Jian
Xom
Yredelemnul
Zin
The Shining One
Jiyva
Lugonu

Shops:
D [


Innate Abilities, Weirdness & Mutations

You have razor-sharp teeth.
Your natural rate of healing is unusually fast.
When hurt, damage is shared between your health and your magic reserves.
Your bite disrupts and absorbs the magic of your enemies.
Potions cannot restore your health.
You are immune to rotting.


Message History

You block the demonic crawler's attack. The demonic crawler hits you!
* * * LOW HITPOINT WARNING * * *
The demonic crawler closely misses you.
You hit the demonic crawler. You bite the demonic crawler! You drain its power.
You feel invigorated.
The demonic crawler is almost dead.
You block the demonic crawler's attack. The demonic crawler closely misses you.
The demonic crawler hits you.
* * * LOW HITPOINT WARNING * * *
You hit the demonic crawler but do no damage.
Your bite misses the demonic crawler.
The demonic crawler is almost dead.
The demonic crawler hits you!
* * * LOW HITPOINT WARNING * * *
You block the demonic crawler's attack. x2
You hit the demonic crawler but do no damage.
You bite the demonic crawler. You drain its power.
You feel invigorated.
The demonic crawler is almost dead.
The demonic crawler hits you!
You die...

##########################
#<.#..').#..'..#__#..))..#
#..)).#..'..#.s'^.s..#...##+#
#..#####'#####s#__####...'..#
#..####..#...#@####§!#####..+
#..#__####..##.#≈≈≈.c# ##
#..#_____##'#_.+≈§§§
#⌠⌠#_.∩..('()._#≈§§§c
####_..__##_.#'# +###
#_____###'#.# #########.###
+...+ #...#


You could see 2 demonic crawlers.

Vanquished Creatures
  Sonja (D)
  2 demonic crawlers (D)
  2 kobold demonologists (D)
  A slime creature (D)
  Sigmund (D)
  A yak (D)
  A floating eye (D)
  An ogre (D)
  A jelly (D)
  Ijyb (D)
12 creatures vanquished.

Notes
Turn   | Place    | Note
-------+----------+-------------------------------------------
     0 | D        | Kairos the Vine Stalker Fighter began the quest for the
                  | Orb.
     0 | D        | Reached XP level 1. HP: 11/11 MP: 2/2
     2 | D        | Noticed Ijyb
     8 | D        | Killed Ijyb
     8 | D        | Reached XP level 2. HP: 12/17 MP: 1/3
     8 | D        | Reached XP level 3. HP: 15/21 MP: 1/4
   130 | D        | Noticed an ogre
   135 | D        | Killed an ogre
   135 | D        | Reached skill level 5 in Fighting
   135 | D        | Reached skill level 5 in Armour
   135 | D        | Reached skill level 5 in Shields
   135 | D        | Gained mutation: Your natural rate of healing is unusually
                  | fast. [Vine Stalker growth]
   135 | D        | Reached XP level 4. HP: 24/27 MP: 5/5
   195 | D        | Noticed Sigmund
   212 | D        | Killed Sigmund
   212 | D        | Reached XP level 5. HP: 18/32 MP: 4/7
   212 | D        | Reached XP level 6. HP: 21/37 MP: 4/8
   330 | D        | Found a deep blue altar of Sif Muna.
   331 | D        | Found an ornate altar of the Wu Jian Council.
   332 | D        | Found a radiant altar of Vehumet.
   372 | D        | Found Tiraoma's Antique Armour Emporium.
   372 | D        | Found an ancient bone altar of Kikubaaqudgha.
   372 | D        | Found a hazy altar of Hepliaklqana.
   372 | D        | Found a stormy altar of Qazlal.
   372 | D        | Found a hide-covered altar of Uskayaw.
   372 | D        | Found a blossoming altar of Fedhas.
   372 | D        | Found a bloodstained altar of Trog.
   372 | D        | Found an iron altar of Okawaru.
   372 | D        | Found a basalt altar of Yredelemnul.
   372 | D        | Found a glowing golden altar of the Shining One.
   372 | D        | Found a snail-covered altar of Cheibriados.
   372 | D        | Found a sacrificial altar of Ru.
   372 | D        | Found a glowing silver altar of Zin.
   372 | D        | Found a shadowy altar of Dithmenos.
   372 | D        | Found a white marble altar of Elyvilon.
   372 | D        | Noticed a yak
   378 | D        | Killed a yak
   378 | D        | Reached XP level 7. HP: 20/42 MP: 7/10
   419 | D        | Found an opulent altar of Gozag.
   420 | D        | Found a sparkling altar of Nemelex Xobeh.
   466 | D        | Became a worshipper of Warmaster Okawaru
   475 | D        | Noticed Sonja
   483 | D        | Killed Sonja
   483 | D        | Reached * piety under Okawaru
   483 | D        | Reached skill level 5 in Axes
   483 | D        | Gained mutation: You have razor-sharp teeth. [Vine Stalker
                  | growth]
   483 | D        | Reached XP level 8. HP: 29/48 MP: 9/12
   631 | D        | Noticed a centaur warrior
   632 | D        | Noticed a centaur warrior
   636 | D        | Found a viscous altar of Jiyva.
   636 | D        | Found a corrupted altar of Lugonu.
   636 | D        | Noticed a slime creature
   637 | D        | Found a burning altar of Makhleb.
   637 | D        | Found a shimmering altar of Xom.
   644 | D        | Killed a slime creature
   644 | D        | Reached ** piety under Okawaru
   849 | D        | Noticed a kobold demonologist
   854 | D        | Noticed a red devil
   859 | D        | Killed a kobold demonologist
   859 | D        | Reached skill level 1 in Stealth
   859 | D        | Reached skill level 5 in Evocations
   859 | D        | Noticed a kobold demonologist
   868 | D        | Killed a kobold demonologist
   868 | D        | Reached XP level 9. HP: 31/53 MP: 12/14
   915 | D        | Noticed a demonic crawler
   915 | D        | Noticed a demonic crawler
   915 | D        | Noticed a demonic crawler
   915 | D        | Noticed a demonic crawler
   940 | D        | Killed a demonic crawler
   940 | D        | Reached skill level 1 in Dodging
   946 | D        | Killed a demonic crawler
   946 | D        | Reached *** piety under Okawaru
   946 | D        | Reached skill level 1 in Invocations
   950 | D        | HP: 3/79 [demonic crawler (1)]
   952 | D        | Slain by a demonic crawler

Skill      XL: |  1  2  3  4  5  6  7  8  9 |
---------------+----------------------------+-----
Fighting       | 3 5 6 7 8 9 |  9.4
Axes           | 2 3 4 5 7 8 |  8.8
Armour         | 3 5 6 7 8 9 |  9.8
Shields        | 3 5 6 7 8 9 |  9.0
Evocations     | 2 3 4 5 |  5.7
Stealth        | 1 |  1.5
Dodging        | 1 |  1.6
Invocations    | 1 |  1.2

Action                   |  1- 3 |  4- 6 |  7- 9 || total
-------------------------+-------+-------+-------++-------
Melee: War axe           |     6 |    11 |    43 ||    60
       Bite              |     3 |     4 |    27 ||    34
Invok: Heroism           |       |       |     4 ||     4
Evoke: Wand              |     4 |     7 |     5 ||    16
  Use: Potion            |       |       |     3 ||     3
Armor: Scale mail        |     2 |     2 |    15 ||    19
Dodge: Dodged            |       |       |    18 ||    18
Block: Shield            |     3 |     3 |    49 ||    55
